 Dungeon Crawl Stone Soup version 0.30.1-11-g7821555f0a (webtiles) character file.

Game seed: 11653797772121630974

4676 bnorton916 the Thaumaturge (level 10, 0/50 HPs)
             Began as a Deep Elf Conjurer on Dec 10, 2023.
             Was a Follower of Vehumet.
             Shot with an arrow by a centaur (13 damage)
             ... on level 9 of the Dungeon.
             The game lasted 00:17:16 (12479 turns).

bnorton916 the Thaumaturge (Deep Elf Conjurer)     Turns: 12479, Time: 00:17:16

Health: 0/50       AC:  4    Str:  4    XL:     10   Next: 21%
Magic:  18/28      EV: 12    Int: 28    God:    Vehumet [*.....]
Gold:   448        SH:  0    Dex: 13    Spells: 22/34 levels left

rFire   . . .        D - +2 long sword (elec)
rCold   . . .        (no shield)
rNeg    . . .        a - +0 robe
rPois   .            (no helmet)
rElec   .            M - +0 cloak
rCorr   .            I - +0 pair of gloves
SInv    .            (no boots)
Will    +....        (no amulet)
Stlth   ++           (no ring)
HPRegen 0.28/turn    (no ring)
MPRegen 0.21/turn

%: no passive effects
@: no status effects
A: no striking features
a: Renounce Religion


You were on level 9 of the Dungeon.
You worshipped Vehumet.
Vehumet was aware of your devotion.
You visited 2 branches of the dungeon, and saw 10 of its levels.
You also visited: Sewer.

You collected 448 gold pieces.

Inventory:

Hand Weapons
 C - a +0 dagger of speed
 D - a +2 long sword of electrocution (weapon)
Missiles
 c - 11 poisoned darts
 z - 4 curare-tipped darts (quivered)
Armour
 a - a +0 robe (worn)
 A - a +0 buckler
 I - a +0 pair of gloves (worn)
 M - a +0 cloak (worn)
Jewellery
 H - a ring of protection from fire
Wands
 u - a wand of charming (7)
 L - a wand of acid (12)
Scrolls
 b - 2 scrolls of enchant weapon {unknown}
 e - 2 scrolls of amnesia {unknown}
 f - a scroll of poison
 i - 8 scrolls of teleportation
 j - 2 scrolls of enchant armour
 k - 2 scrolls of blinking
 l - 7 scrolls of fog
 o - 5 scrolls of identify
 s - 2 scrolls of butterflies
 v - a scroll of fear
 y - 2 scrolls of immolation {unknown}
 B - a scroll of acquirement {unknown}
 F - a scroll of silence {unknown}
 G - 3 scrolls of noise {unknown}
Potions
 d - 2 potions of resistance {unknown}
 g - 2 potions of ambrosia {unknown}
 h - 9 potions of curing {unknown}
 m - 3 potions of mutation {unknown}
 n - 2 potions of lignification {unknown}
 p - 2 potions of flight {unknown}
 q - 2 potions of heal wounds {unknown}
 r - 3 potions of invisibility
 t - a potion of experience {unknown}
 w - a potion of magic
 x - 2 potions of might {unknown}
 E - 2 potions of attraction {unknown}
 J - a potion of brilliance {unknown}
 K - 2 potions of haste {unknown}


   Skills:
 - Level 2.4 Dodging
 - Level 2.4 Stealth
 + Level 12.5 Spellcasting
 + Level 11.3 Conjurations
 - Level 5.3 Hexes
 - Level 5.0 Translocations
 + Level 2.3 Ice Magic


You had 22 spell levels left.
You knew the following spells:

 Your Spells              Type           Power      Damage    Failure   Level
a - Magic Dart            Conj           100%       1d8       1%          1
b - Searing Ray           Conj           100%       2d8       1%          2
c - Fulminant Prism       Conj/Hex       29%        3d13      1%          4
d - Iskenderun's Mystic   Conj/Tloc      58%        2d12      1%          4
e - Freeze                Ice            100%       1d10      1%          1

Your spell library contained the following spells:

 Spells                   Type           Power      Damage    Failure   Level
 Blink                    Tloc           90%        N/A       1%          2
 Dazzling Flash           Conj/Hex       100%       N/A       1%          3
 Gell's Gravitas          Tloc           45%        N/A       1%          3
 Portal Projectile        Hex/Tloc       92%        N/A       1%          3
 Teleport Other           Tloc           45%        N/A       1%          3
 Inner Flame              Hex/Fire       32%        N/A       3%          3
 Manifold Assault         Tloc           45%        N/A       4%          4
 Call Canine Familiar     Summ           17%        N/A       10%         3
 Leda's Liquefaction      Hex/Erth       16%        N/A       11%         4
 Yara's Violent Unravell  Hex/Tmut       16%        3d8       28%         5
 Dispersal                Tloc           22%        N/A       52%         6
 Enfeeble                 Hex            23%        N/A       96%         7
 Storm Form               Tmut/Air       8%         N/A       100%        7


Dungeon Overview and Level Annotations

Branches:
Dungeon (9/15)             Temple (1/1) D:7           Sewer (visited)
   Lair: D:8-11         Orc: D:9-12

Altars:
Ashenzari
Cheibriados
Dithmenos
Elyvilon
Fedhas
Gozag
Hepliaklqana
Kikubaaqudgha
Makhleb
Nemelex Xobeh
Okawaru
Qazlal
Ru
Sif Muna
Trog
Uskayaw
Vehumet
Wu Jian
Xom
Yredelemnul
Zin
The Shining One

Shops:
D:1 !

Annotations:
D:4 1 runed translucent door, Crazy Yiuf
D:5 2 transporters, Dvallin's ghost, novice NaFi


Message History

The gnoll hits your fulminant prism with a +0 spear!
The gnoll sergeant hits your fulminant prism with a +0 trident of flaming!
The gnoll sergeant burns your fulminant prism.
Your fulminant prism explodes!
The blast of energy engulfs the gnoll sergeant!
The gnoll sergeant is severely wounded.
The blast of energy engulfs the gnoll!!
You kill the gnoll!
Vehumet accepts your kill.
The blast of energy engulfs the gnoll!
You kill the gnoll!
Vehumet accepts your kill.
You hear a shout!
Unknown command.
Unknown command.
The centaur shouts!
The centaur wields a +0 shortbow.
The centaur shoots an arrow.
The arrow hits you!
The centaur shoots an arrow.
The arrow barely misses you.
The centaur shoots an arrow.
The arrow hits you!
The centaur shoots an arrow.
The arrow hits you.
The gnoll shoots a sling bullet.
The sling bullet hits you but does no damage.
Casting: Fulminant Prism (dangerous; 1% risk of failure)
Confirm with . or Enter, or press ? or * to list all spells.
Aiming: Fulminant Prism (dangerous; 1% risk of failure)
Press: ? - help, Dir - move target You conjure a prism of explosive energy!
A fulminant prism comes into view.
The centaur shoots an arrow.
The arrow hits you!
The centaur shoots an arrow.
The arrow hits you!
* * * LOW HITPOINT WARNING * * *
Casting: Fulminant Prism (dangerous; 1% risk of failure)
Confirm with . or Enter, or press ? or * to list all spells.
Aiming: Fulminant Prism (dangerous; 1% risk of failure)
Press: ? - help, Dir - move target You conjure a prism of explosive energy!
A fulminant prism comes into view.
The centaur shoots an arrow.
The arrow hits you!
You die...

# #.)......#......#
#...)....#......#
#....)...#......#
#..c..####......#
##*...#.........#
#)...'.........#
#....#.........#
#....#.........##
#..@.#...........
#....#...........
#)...#.........##
#....#.........#
'#####..*.#.........#
....).g.[..#.........#
.>)........#.........#
...........#.######....
.########..#. ....


You could see a gnoll sergeant (ally target), a centaur (ally target) and 2
friendly fulminant prisms.

Vanquished Creatures
  Pikel (D:6)
  Joseph (D:7)
  A gargoyle (D:6)
  Grinder (D:6)
  3 yaks (D:9)
  Menkaure (D:7)
  Duvessa (D:7)
  3 orc warriors
  2 black bears
  An ogre (D:6)
  A centaur (D:8)
  4 lemures (D:6)
  2 phantoms (D:5)
  A kobold brigand (D:8)
  Blork the orc (D:6)
  5 bullfrogs
  A scorpion (D:5)
  9 wights
  Dowan (D:7)
  2 howler monkeys
  3 hounds
  2 jellies (D:5)
  4 orc priests
  An iguana (D:4)
  5 orc wizards
  14 gnolls
  9 adders
  7 river rats
  A shadow imp (D:7)
  5 white imps
  2 ufetubi
  A worm (D:3)
  4 dart slugs
  24 orcs
  20 ball pythons
  5 endoplasms
  3 giant cockroaches
  3 goblins
  5 hobgoblins
  6 jackals
  11 kobolds
  4 quokkas
  6 frilled lizards
  26 rats
213 creatures vanquished.

Vanquished Creatures (others)
  49 fulminant prisms
49 creatures vanquished.

Grand Total: 262 creatures vanquished

Notes
Turn   | Place    | Note
-------+----------+-------------------------------------------
     0 | D:1      | bnorton916 the Deep Elf Conjurer began the quest for the
                  | Orb.
     0 | D:1      | Reached XP level 1. HP: 10/10 MP: 6/6
   143 | D:1      | Reached XP level 2. HP: 15/15 MP: 4/8
   404 | D:1      | Found Leasyon's Distillery.
   507 | D:1      | Learned a level 2 spell: Searing Ray
   635 | D:1      | Found a faded altar of an unknown god.
   867 | D:1      | Reached skill level 4 in Spellcasting
   908 | D:1      | Reached skill level 5 in Conjurations
   908 | D:1      | Reached XP level 3. HP: 19/19 MP: 4/10
  1813 | D:2      | Reached XP level 4. HP: 18/24 MP: 5/12
  2402 | D:3      | Reached skill level 5 in Spellcasting
  2410 | D:3      | Found a glowing drain.
  2513 | Sewer    | Entered a sewer
  2763 | Sewer    | Learned a level 4 spell: Fulminant Prism
  2768 | Sewer    | Learned a level 4 spell: Iskenderun's Mystic Blast
  2781 | Sewer    | Reached XP level 5. HP: 28/28 MP: 7/14
  3142 | Sewer    | Reached skill level 1 in Hexes
  3682 | Sewer    | Reached skill level 1 in Translocations
  3819 | Sewer    | Reached XP level 6. HP: 11/32 MP: 4/16
  3825 | Sewer    | Reached skill level 6 in Spellcasting
  5450 | D:4      | Found a runed translucent door.
  5451 | D:4      | Noticed Crazy Yiuf
  5955 | D:4      | Reached XP level 7. HP: 36/36 MP: 10/18
  6449 | D:5      | Entered Level 5 of the Dungeon
  6668 | D:5      | Found a transporter.
  6670 | D:5      | Noticed Dvallin's ghost (novice NaFi)
  6671 | D:5      | Found a transporter.
  6909 | D:5      | Reached skill level 7 in Spellcasting
  7526 | D:6      | Noticed a gargoyle
  7543 | D:6      | Killed a gargoyle
  7544 | D:6      | Reached skill level 5 in Hexes
  7544 | D:6      | Reached XP level 8. HP: 41/41 MP: 15/21
  7635 | D:6      | Noticed Blork the orc
  7642 | D:6      | Killed Blork the orc
  7936 | D:6      | Noticed Pikel
  8216 | D:6      | Reached skill level 8 in Spellcasting
  8216 | D:6      | Reached skill level 5 in Translocations
  8466 | D:6      | Noticed Grinder
  8494 | D:6      | Paralysed by something for 2 turns
  8494 | D:6      | Killed Grinder
  8495 | D:6      | Reached skill level 9 in Spellcasting
  8609 | D:6      | Killed Pikel
  8610 | D:6      | Reached skill level 10 in Spellcasting
  8610 | D:6      | Reached XP level 9. HP: 45/45 MP: 12/25
  9198 | D:7      | Noticed Dowan
  9208 | D:7      | Noticed Duvessa
  9208 | D:7      | Killed Dowan
  9216 | D:7      | Killed Duvessa
  9356 | D:7      | Found a glowing silver altar of Zin.
  9420 | D:7      | Noticed Joseph
  9444 | D:7      | Killed Joseph
  9553 | D:7      | Noticed Menkaure
  9556 | D:7      | Killed Menkaure
  9557 | D:7      | Reached skill level 11 in Spellcasting
  9557 | D:7      | Reached skill level 10 in Conjurations
  9704 | D:7      | Found a staircase to the Ecumenical Temple.
  9731 | Temple   | Entered the Ecumenical Temple
 10137 | Temple   | Became a worshipper of Vehumet
 11210 | D:8      | Reached skill level 12 in Spellcasting
 11894 | D:9      | Reached * piety under Vehumet
 11894 | D:9      | Offered knowledge of Freeze by Vehumet.
 11898 | D:9      | Reached XP level 10. HP: 50/50 MP: 18/28
 12138 | D:9      | Learned a level 1 spell: Freeze
 12265 | D:9      | Reached skill level 1 in Ice Magic
 12479 | D:9      | Shot with an arrow by a centaur

Illustrated notes

Levels and vault maps discovered:
D:1:      shiori_arrival_elements, layout_basic, serial_shops, shop,
          ebering_ecumenical_altar_mist
D:2:      layout_basic
D:3:      layout_basic, portal_sewer_entry_e
D:4:      layout_basic, uniq_crazy_yiuf_cottage
D:5:      layout_cave_pools, gammafunk_ghost_mausoleum
D:6:      layout_basic, uniq_grinder, uniq_pikel, uniq_blork_the_orc
D:7:      layout_gridville, nicolae_overflow_crystal_walls,
          minmay_temple_entry_glass, dreamdust_gnoll_farm, uniq_joseph,
          uniq_menkaure, uniq_duvessa
D:8:      layout_rooms
D:9:      layout_irregular_city, serial_shops, kennysheep_little_box
Temple:   mainiacjoe_temple_circle_huts

Skill      XL: |  1  2  3  4  5  6  7  8  9 10 |
---------------+-------------------------------+-----
Spellcasting   | 4 5 6 7 10 12 | 12.5
Conjurations   | 5 6 7 9 11 | 11.3
Hexes          | 2 3 5 |  5.3
Translocations | 1 2 4 5 |  5.0
Ice Magic      | 2 |  2.3
Dodging        | |  2.4
Stealth        | |  2.4

Action                     |  1- 3 |  4- 6 |  7- 9 | 10-12 || total
---------------------------+-------+-------+-------+-------++-------
  Melee: Unarmed           |       |     1 |       |       ||     1
         Long sword        |       |       |    28 |       ||    28
  Throw: Dart              |       |       |     8 |       ||     8
   Cast: Magic Dart        |    66 |    93 |    66 |     7 ||   232
         Searing Ray       |     2 |    20 |    24 |     3 ||    49
         Fulminant Prism   |       |       |    40 |    11 ||    51
         Iskenderun's Myst |       |       |    11 |     1 ||    12
    Use: Scroll            |       |     8 |       |       ||     8
         Potion            |       |     1 |       |       ||     1
 Armour: Robe              |       |     2 |     1 |     2 ||     5
  Dodge: Dodged            |     8 |    35 |    20 |     3 ||    66
